 Dungeon Crawl Stone Soup version 0.30-a0-137-gd8773701ce (webtiles) character file.

Game seed: 10024951392390930984

102 billz999 the Trooper (level 4, -2/37 HPs)
             Began as a Demonspawn Berserker on Sept 21, 2022.
             Was a Believer of Trog.
             Slain by Sigmund
             ... wielding a +0 scythe
              (10 damage)
             ... on level 3 of the Dungeon.
             The game lasted 00:05:32 (3078 turns).

billz999 the Trooper (Demonspawn Berserker)         Turns: 3078, Time: 00:05:33

Health: -2/37      AC:  3    Str: 20    XL:     4   Next: 50%
Magic:  4/4        EV: 17    Int:  8    God:    Trog [**....]
Gold:   95         SH:  0    Dex: 18    Spells: 3/3 levels left

rFire   + . .      SeeInvis .    u - +0 morningstar
rCold   + . .      Faith    .    (no shield)
rNeg    . . .      Spirit   .    b - +0 animal skin
rPois   .          Reflect  .    (no helmet)
rElec   .          Harm     .    q - scarf {rC+ rF+}
rCorr   .          Rampage  .    s - +0 pair of gloves
Will    .....                    (no boots)
Stlth   ++........               (no amulet)
HPRegen 0.12/turn                o - +6 ring of dexterity
MPRegen 0.18/turn                (no ring)

@: agile, on berserk cooldown, slowed, very slow
A: powered by pain 1, magic regeneration
a: Renounce Religion, Berserk, Trog's Hand


You were on level 3 of the Dungeon.
You worshipped Trog.
Trog was pleased with you.
You visited 1 branch of the dungeon, and saw 3 of its levels.

You collected 95 gold pieces.

Inventory:

Hand Weapons
 a - a +0 hand axe
 u - a +0 morningstar (weapon)
Armour
 b - a +0 animal skin (worn)
 q - a scarf of resistance (worn)
 s - a +0 pair of gloves (worn)
Jewellery
 o - a +6 ring of dexterity (left hand)
 p - an amulet of guardian spirit
Scrolls
 d - 6 scrolls of identify {unknown}
 e - 2 scrolls of vulnerability {unknown}
 g - 2 scrolls of teleportation {unknown}
 j - a scroll of amnesia {unknown}
 k - a scroll of poison {unknown}
 l - a scroll of torment {unknown}
 n - a scroll of butterflies {unknown}
Potions
 c - 4 potions of curing {unknown}
 f - 2 potions of ambrosia {unknown}
 h - a potion of haste {unknown}
 i - 4 potions of heal wounds {unknown}
 m - a potion of mutation {unknown}
 r - a potion of invisibility {unknown}
 t - a potion of flight {unknown}


   Skills:
 + Level 4.2 Fighting
 - Level 3.6(3.8) Axes
 * Level 1.2(2.6) Maces & Flails
 - Level 1.7 Armour
 - Level 1.7 Dodging


You had 3 spell levels left.
You didn't know any spells.
Your spell library was empty.

Dungeon Overview and Level Annotations

Branches:
Dungeon (3/15)

Altars:
Hepliaklqana

Shops:
D:1 [

Annotations:
D:3 Sigmund


Innate Abilities, Weirdness & Mutations

You sometimes gain a little power by taking damage.
You regenerate magic rapidly.


Message History

Sigmund flickers and vanishes!
Deactivating autopickup; reactivate with Ctrl-A.
You sock the bat!
You kill the bat!
Trog accepts your kill. Something hits you. Something hits you!
You focus on the pain.
You feel agile all of a sudden.
There is an escape hatch in the floor here.
You closely miss something.
You hear some strange, mumbled words.
A magic dart appears from out of thin air!
The magic dart hits you!
You barely miss something.
You feel the effects of Trog's Hand fading.
Something hits you.
A red film seems to cover your vision as you go berserk!
You feel yourself moving faster!
You feel mighty! Something hits you!
You miss something. You puncture something! Something closely misses you.
You miss something. You closely miss something.
Your skin stops crawling.
You feel less strong-willed. Something hits you.
An adder comes into view.
You miss something.
The adder hisses angrily.
Something hits you.
You closely miss something. You closely miss something. Something hits you.
* * * LOW HITPOINT WARNING * * *
You miss something. You closely miss something.
You are no longer berserk.
You are exhausted.
You feel yourself slow down.
A goblin comes into view. It is wielding a +0 club.
Something barely misses you.
You puncture something! The adder misses you. Something hits you!
You die...

..$..............
...≈≈..........≈≈
...g≈........@§§§
.................
..........§....§#
.........≈§≈...##.# ##
....#####............#
....#####{########.#[# .
..g....S@)..### ...#
.######.###.#<###..######
#.# #.#..........~~ #.#
#.#..##........
#.###.#............
#.....##.##..#.....
#))....#.##.....###
#.#).....##.##.....
######)#'##.####.##.#.##


You could see an adder and a goblin.

Vanquished Creatures
  An orc wizard (D:3)
  2 adders (D:2)
  2 worms
  4 orcs (D:3)
  3 ball pythons
  3 bats
  2 endoplasms
  2 giant cockroaches (D:2)
  6 goblins
  8 hobgoblins
  2 jackals (D:2)
  5 kobolds
  3 quokkas
  3 frilled lizards
  5 rats
51 creatures vanquished.

Notes
Turn   | Place    | Note
-------+----------+-------------------------------------------
     0 | D:1      | billz999 the Demonspawn Berserker began the quest for the
                  | Orb.
     0 | D:1      | Reached XP level 1. HP: 18/18 MP: 1/1
   131 | D:1      | Found Nighipam's Armour Boutique.
   299 | D:1      | Gained mutation: You regenerate magic rapidly. [demonic
                  | ancestry]
   299 | D:1      | Reached XP level 2. HP: 16/24 MP: 2/2
  1174 | D:2      | Gained mutation: You sometimes gain a little power by
                  | taking damage. [demonic ancestry]
  1174 | D:2      | Reached XP level 3. HP: 25/29 MP: 3/3
  1388 | D:2      | Found a hazy altar of Hepliaklqana.
  1725 | D:2      | Reached ** piety under Trog
  1777 | D:2      | Found a faded altar of an unknown god.
  2347 | D:2      | Reached skill level 4 in Fighting
  2811 | D:3      | Reached XP level 4. HP: 31/37 MP: 4/4
  3002 | D:3      | Reached skill level 1 in Maces & Flails
  3053 | D:3      | Noticed Sigmund
  3078 | D:3      | Slain by Sigmund

Illustrated notes

Levels and vault maps discovered:
D:1:      lightli_arrival_boilingwater, layout_basic, serial_shops, shop
D:2:      layout_basic, serial_curves, eino_curves_03, eino_curves_03,
          shapermc_ecumenical_altar_venn, basic_altar, minmay_circle_x
D:3:      cheibrodos_thug_alley, layout_basic, mainiacjoe_overflow_alcove_1,
          kennysheep_decorative_pillar, uniq_sigmund

Skill      XL: |  1  2  3  4 |
---------------+-------------+-----
Axes           | 3 |  3.6
Fighting       | 4 |  4.2
Maces & Flails | 1 |  1.2
Armour         | |  1.7
Dodging        | |  1.7

Action                   |  1- 3 |  4- 6 || total
-------------------------+-------+-------++-------
Melee: Hand axe          |   123 |       ||   123
       Punch             |     1 |       ||     1
       Morningstar       |       |    38 ||    38
Invok: Berserk           |     4 |     2 ||     6
       Trog's Hand       |       |     2 ||     2
 Stab: Sleeping          |     1 |       ||     1
Armor: Animal skin       |    24 |     8 ||    32
Dodge: Dodged            |    63 |    19 ||    82

Table legend: (Time is in decaauts)
 A = Elapsed time spent in this place.
 B = Non-inter-level travel time spent in this place.
 C = Inter-level travel time spent in this place.
 D = Time resting spent in this place.
 E = Time spent auto-exploring this place.
 F = Levels seen in this place.
 G = Mean time per level.
                   A        B        C        D        E       F      G
               +--------+--------+--------+--------+--------+-----+--------+
         Total |   3151 |   3031 |    120 |    386 |   2203 |   3 | 1050.3 |
       Dungeon |   3151 |   3031 |    120 |    386 |   2203 |   3 | 1050.3 |
               +--------+--------+--------+--------+--------+-----+--------+

Top non-repeatable levels by time:
     D:2: 1709 daAuts
     D:1: 929 daAuts
     D:3: 513 daAuts
